Map: Eternal Empire LE

Players

starkiller

  • Race: Zerg Zerg
  • League: Master
  • Spawn Location: 1:00

Silky - Winner!

  • Race: Zerg Zerg
  • Spawn Location: 7:00

Event: The Miserable Cup

VOD

Have the link to the VOD?

Description

Time

  • Played on: June 17, 2020, 11:09 a.m.
  • Length: 8:56

All games in this series

Show
View Real Time Build Order
Export as new Build Order

starkiller Zerg 

Build Orders: Hatch First 

Get SALT Encoding   

  12  0:01  Drone  
  13  0:08  Drone  
  14  0:15  Drone, Extractor  
  15  0:38  Hatchery  
  15  0:42  Extractor  
  13  0:43  Drone  
  13  0:49  Overlord  
  15  1:04  Spawning Pool  
  14  1:08  Drone  
  15  1:12  Drone  
  15  1:16  Drone  
  17  1:20  Drone  
  18  1:42  Hatchery  
  18  1:45  Drone  
  18  1:52  Zergling x2  
  19  1:57  Queen  
  21  2:07  Queen  
  23  2:10  Drone  
  24  2:16  Overlord  
  24  2:23  Zergling x4  
  24  2:25  Drone  
  24  2:29  Drone  
  28  2:46  Drone x3  
  28  2:51  Drone  
  32  2:54  Drone x2  
  34  3:01  Drone x2  
  34  3:04  Drone  
  34  3:05  Drone  
  38  3:12  Drone x3  
  41  3:17  Extractor  
  41  3:19  Extractor  
  39  3:22  Drone x3  
  42  3:35  Roach Warren  
  42  3:36  Overlord  
  42  3:39  Drone  
  42  3:43  Overlord x2  
  41  3:51  Drone  
  41  3:53  Overlord  
  41  3:54  Queen  
  42  3:56  Drone x3  
  42  3:59  Drone  
  42  4:01  Evolution Chamber, Drone  
  46  4:05  Drone x2  
  46  4:08  Drone x2  
  50  4:10  Drone  
  50  4:12  Drone  
  52  4:17  Drone x2  
  52  4:21  Drone x2  
  52  4:22  Drone  
  52  4:23  Drone  
  58  4:26  Zerg Missile Weapons Level 1  
  58  4:29  Lair  
  59  4:31  Drone  
  59  4:35  Drone x3  
  59  4:37  Drone x2  
  64  4:40  Extractor x2  
  64  4:41  Drone  
  64  4:43  Roach  
  64  4:45  Roach  
  67  4:46  Roach  
  67  4:48  Roach  
  67  4:50  Roach  
  73  4:56  Overlord x2  
  73  5:07  Overlord  
  73  5:09  Hatchery  
  73  5:10  Roach  
  74  5:14  Roach x3  
  74  5:15  Roach  
  74  5:17  Roach  
  74  5:19  Roach  
  74  5:20  Roach  
  88  5:23  Roach  
  90  5:31  Roach  
  90  5:32  Roach x3  
  98  5:36  Glial Reconstitution, Overlord  
  98  5:37  Overlord  
  98  5:45  Overlord  
  98  5:46  Evolution Chamber  
  98  5:47  Overlord  
  98  5:49  Overlord  
  97  5:51  Overlord  
  97  5:54  Roach  
  97  5:55  Roach x2  
  105  5:57  Roach  
  105  5:59  Roach  
  99  6:14  Roach x8  
  99  6:17  Roach x2  
  111  6:22  Roach  
  111  6:23  Roach  
  102  6:26  Roach  
  102  6:28  Roach  
  94  6:33  Roach  
  94  6:35  Roach  
  88  6:41  Roach x2  
  88  6:46  Roach x2  
  90  6:47  Roach  
  90  6:49  Roach  
  90  6:52  Roach  
  88  6:56  Roach  
  82  7:02  Roach  
  82  7:07  Roach  
  80  7:09  Roach  
  80  7:16  Roach  
  80  7:17  Roach x2  
  80  7:21  Roach x2  
  80  7:22  Drone x2  
  92  7:24  Queen, Roach  
  92  7:27  Roach  
  98  7:31  Roach x2  
  104  7:37  Roach x2  
  104  7:38  Roach  
  104  7:41  Roach  
  106  7:45  Roach  
  106  7:51  Roach x2  
  106  7:56  Roach  
  106  7:57  Roach  
  99  8:01  Roach  
  99  8:03  Roach x2  
  95  8:08  Roach  
  95  8:11  Roach  
  92  8:16  Roach  
  92  8:19  Roach  
  77  8:21  Roach  
  77  8:24  Roach  
  77  8:31  Roach  
  81  8:34  Roach  
Show
View Real Time Build Order
Export as new Build Order

Silky Zerg - Winner!

Build Orders: Pool First 

Get SALT Encoding   

  12  0:00  Drone  
  13  0:12  Overlord  
  13  0:17  Drone  
  14  0:31  Drone x2  
  16  0:40  Spawning Pool  
  15  0:44  Drone  
  15  0:48  Drone  
  17  1:09  Hatchery  
  17  1:11  Drone  
  17  1:24  Extractor  
  16  1:27  Zergling x4  
  16  1:28  Zergling x2  
  19  1:32  Queen  
  19  1:39  Overlord  
  21  1:51  Drone  
  22  2:00  Drone  
  23  2:08  Queen  
  23  2:11  Drone  
  26  2:21  Queen  
  26  2:22  Spine Crawler  
  27  2:24  Drone  
  27  2:26  Drone  
  29  2:31  Drone  
  30  2:41  Overlord  
  30  2:42  Drone x2  
  32  2:45  Drone x2  
  33  2:53  Lair  
  33  3:00  Drone x2  
  35  3:05  Evolution Chamber, Drone  
  35  3:08  Drone  
  35  3:11  Drone  
  37  3:19  Roach Warren  
  35  3:21  Drone  
  35  3:22  Drone  
  35  3:26  Drone  
  38  3:27  Drone  
  38  3:30  Overlord  
  38  3:33  Drone  
  40  3:37  Drone x2  
  42  3:41  Zerg Missile Weapons Level 1  
  42  3:43  Drone  
  42  3:46  Drone  
  44  3:49  Drone  
  44  3:51  Drone  
  44  3:52  Extractor x2  
  44  3:56  Drone  
  44  3:58  Overseer  
  44  4:01  Glial Reconstitution  
  45  4:07  Overlord  
  45  4:13  Hatchery  
  44  4:17  Drone x3  
  44  4:21  Roach  
  44  4:22  Roach  
  51  4:26  Roach  
  51  4:30  Overlord  
  55  4:31  Roach  
  55  4:34  Roach  
  55  4:37  Roach  
  59  4:41  Overlord  
  59  4:47  Overlord  
  59  4:49  Roach  
  59  4:50  Roach x2  
  65  4:54  Roach  
  65  4:56  Overseer  
  65  4:59  Roach  
  69  5:01  Overlord  
  69  5:03  Roach  
  69  5:06  Roach  
  73  5:07  Roach  
  73  5:11  Overlord  
  77  5:14  Roach  
  77  5:17  Roach  
  77  5:18  Roach  
  77  5:20  Roach  
  83  5:23  Roach  
  85  5:29  Roach x2  
  85  5:31  Overlord  
  85  5:33  Roach  
  91  5:36  Roach  
  91  5:40  Overlord  
  91  5:42  Roach  
  95  5:45  Roach  
  97  5:50  Overlord  
  97  5:53  Roach x2  
  101  6:00  Roach x3  
  107  6:06  Overlord  
  101  6:13  Roach x4  
  103  6:24  Roach x2  
  103  6:25  Roach x3  
  109  6:29  Roach x2  
  109  6:32  Roach  
  111  6:35  Roach  
  103  6:41  Roach x2  
  101  6:50  Roach x4  
  97  6:54  Roach  
  97  6:59  Zergling x6, Roach  
  100  7:05  Roach x2  
  102  7:09  Roach x2  
  102  7:12  Drone x2  
  100  7:16  Drone x3  
  103  7:23  Drone x4  
  103  7:28  Roach x2  
  109  7:31  Roach  
  111  7:39  Roach x4  
  119  7:46  Extractor, Roach x2  
  119  7:51  Overlord  
  119  7:54  Roach x2  
  119  7:55  Roach  
  121  8:00  Roach  
  121  8:01  Roach x2  
  121  8:05  Roach  
  125  8:09  Roach x2  
  119  8:13  Roach x2  
  119  8:16  Roach  
  117  8:22  Roach x3  
  123  8:28  Roach x3  
  129  8:35  Roach x2  
  129  8:36  Roach  
  127  8:43  Ravager  
Tags
 
Add a new tag
Caveats
  • Supply blocks, unpowered buildings, or Contaminate may cause inaccurate times.
  • Supply counts are checked every 10 seconds.